 Dungeon Crawl Stone Soup version 0.27-a0-1230-gfc7c993222 (webtiles) character file.

Game seed: 18267259621193694652

123 Ethylacetat the Changer (level 5, -1/44 HPs)
             Began as a Naga Transmuter on June 8, 2021.
             Slain by a hobgoblin (3 damage)
             ... on level 3 of the Dungeon.
             The game lasted 00:09:55 (3127 turns).

Ethylacetat the Changer (Naga Transmuter)           Turns: 3127, Time: 00:09:55

Health: -1/44      AC:  5    Str: 12    XL:     5   Next: 7%
Magic:  10/10      EV: 10    Int: 14    God:
Gold:   81         SH:  0    Dex: 12    Spells: 5/11 levels left

rFire    . . .     SeeInvis +   d - +0 dagger (venom)
rCold    . . .     Faith    .   (no shield)
rNeg     . . .     Spirit   .   a - +0 robe
rPois    +         Reflect  .   (no helmet)
rElec    .         Harm     .   k - +2 cloak
rCorr    .         Rampage  .   (no gloves)
Will     .....                  (no barding)
Stlth    +.........             (no amulet)
HPRegen  0.14/turn              (no ring)
MPRegen  0.12/turn              (no ring)

@: short of breath, very slow
A: AC +1, large, see invisible, deformed body, poison resistance, slowness 2,
spit poison 1, naga tail 1
a: Spit Poison


You were on level 3 of the Dungeon.
You visited 1 branch of the dungeon, and saw 3 of its levels.

You collected 81 gold pieces.

Inventory:

Hand Weapons
 d - a +0 dagger of venom (weapon)
 j - a +3 quarterstaff of chaos
Armour
 a - a +0 robe (worn)
 k - a +2 cloak (worn)
Scrolls
 b - a scroll of fog {unknown}
 c - 2 scrolls of blinking {unknown}
 f - a scroll of identify {unknown}
 h - a scroll of enchant armour {unknown}
Potions
 e - a potion of haste {unknown}
 g - a potion of resistance
 i - a potion of invisibility {unknown}


   Skills:
 - Level 1.0 Fighting
 - Level 1.5 Dodging
 - Level 3.0 Unarmed Combat
 + Level 3.5 Spellcasting
 + Level 3.7 Transmutations
 + Level 1.0 Poison Magic


You had 5 spell levels left.
You knew the following spells:

 Your Spells              Type           Power      Damage    Failure   Level
a - Beastly Appendage     Tmut           26%        N/A       4%          1
b - Wereblood             Tmut           13%        N/A       7%          2
c - Spider Form           Tmut/Pois      4%         N/A       22%         3

Your spell library contained the following spells:

 Spells                   Type           Power      Damage    Failure   Level
 Animate Skeleton         Necr           4%         N/A       21%         1
 Apportation              Tloc           4%         N/A       21%         1
 Corona                   Hex            2%         N/A       21%         1
 Magic Dart               Conj           8%         1d3       21%         1
 Summon Small Mammal      Summ           8%         N/A       21%         1
 Ensorcelled Hibernation  Hex/Ice        4%         N/A       30%         2
 Searing Ray              Conj           4%         3d3       30%         2
 Confusing Touch          Hex            2%         N/A       52%         3
 Dazzling Flash           Conj/Hex       4%         N/A       52%         3
 Tukima's Dance           Hex            2%         N/A       52%         3
 Ice Form                 Ice/Tmut       7%         N/A       67%         4
 Hydra Form               Tmut           6%         N/A       77%         5
 Fulminant Prism          Conj/Hex       1%         3d6       90%         4
 Iskenderun's Mystic Bla  Conj/Tloc      2%         2d3       90%         4


Dungeon Overview and Level Annotations

Branches:
Dungeon (3/15)

Altars:
Yredelemnul

Annotations:
D:3 Jessica


Innate Abilities, Weirdness & Mutations

Your serpentine skin is tough. (AC +1)
You have supernaturally acute eyesight. (SInv)
Armour fits poorly on your strangely shaped body.
Your system is resistant to poisons. (rPois)
You cover ground very slowly.
You can spit poison.
You have a snake-like lower body.


Message History

Aim: a bat The splash of poison misses the bat.
The bat misses you. The bat hits you but does no damage.
You are too injured to fight recklessly!
You are too injured to fight recklessly!
You are too injured to fight recklessly!
You hit the bat but do no damage.
The bat is poisoned.
The bat completely misses you.
You barely miss the bat.
You have got your breath back.
The bat hits you but does no damage. The bat barely misses you.
You kill the bat!
You start resting.
A bat comes into view.
A hobgoblin comes into view.
Press: ? - help, Shift-Dir - straight line, f - bat
Aim: a bat The splash of poison hits the bat.
The bat is poisoned.
The bat is heavily wounded.
You kill the bat!
Casting: Spider Form (quite dangerous; 22% risk of failure)
Confirm with . or Enter, or press ? or * to list all spells.
Okay, then.
Unknown command.
Jessica casts a spell.
Jessica blinks!
Things that are here:
a +0 club; a +0 leather armour; the goblin corpse of Ijyb You closely miss Jessica.
You have got your breath back.
Jessica barely misses you.
Press: ? - help, Shift-Dir - straight line, f - Jessica
Aim: Jessica, wielding a +4 club and wearing a +0 robe The splash of poison misses Jessica.
Jessica hits you with a +4 club.
You barely miss Jessica. Jessica gestures at you while chanting.
Pain shoots through your body!
* * * LOW HITPOINT WARNING * * *
The hobgoblin hits you.
You die...

.# ### .
..#.##
##....###
...#)..
##..†#
.#####...##
........@.#
.####..g@.#
#.....#
####....##
.......<.#
.....#...#
######.....
#...###
#..#.
#.###.


You could see Jessica and a hobgoblin.

Vanquished Creatures
  Crazy Yiuf (D:2)
  Ijyb (D:3)
  An adder (D:2)
  A worm (D:2)
  A dart slug (D:1)
  A ball python (D:1)
  7 bats
  5 endoplasms
  A giant cockroach (D:1)
  6 goblins
  4 hobgoblins
  7 jackals (D:1)
  A quokka (D:1)
  2 frilled lizards (D:1)
  5 kobolds (D:1)
  7 rats
51 creatures vanquished.

Notes
Turn   | Place    | Note
-------+----------+-------------------------------------------
     0 | D:1      | Ethylacetat the Naga Transmuter began the quest for the
                  | Orb.
     0 | D:1      | Reached XP level 1. HP: 18/18 MP: 3/3
   194 | D:1      | Reached XP level 2. HP: 7/25 MP: 5/5
   196 | D:1      | HP: 1/25 [rat (2)]
   836 | D:1      | Reached XP level 3. HP: 12/31 MP: 6/6
  1865 | D:1      | Found a faded altar of an unknown god.
  1912 | D:1      | Learned a level 2 spell: Wereblood
  1916 | D:1      | Learned a level 3 spell: Spider Form
  2499 | D:2      | Found a basalt altar of Yredelemnul.
  2575 | D:2      | Reached XP level 4. HP: 34/38 MP: 8/8
  2830 | D:2      | Found a runed translucent door.
  2831 | D:2      | Noticed Crazy Yiuf
  2841 | D:2      | Killed Crazy Yiuf
  3031 | D:3      | Noticed Ijyb
  3072 | D:3      | Killed Ijyb
  3073 | D:3      | Reached skill level 1 in Poison Magic
  3073 | D:3      | Reached XP level 5. HP: 10/44 MP: 7/10
  3114 | D:3      | Noticed Jessica
  3127 | D:3      | HP: 2/44 [Jessica/nerve-wracking pain (12)]
  3127 | D:3      | Slain by a hobgoblin

Illustrated notes

Levels and vault maps discovered:
D:1:      erik_arrival_triangle_medium, layout_loops_ring,
          basic_ecumenical_altar, dk_noncrumbling_3, serial_bayou_pond_e
D:2:      layout_rooms, basic_altar, uniq_crazy_yiuf_cottage
D:3:      layout_loops_ring, lemuel_crystal_altar,
          nicolae_hepliaklqana_hippocampus, uniq_jessica, uniq_sigmund,
          uniq_ijyb

Skill      XL: |  1  2  3  4 |
---------------+-------------+-----
Transmutations | 3 |  3.7
Spellcasting   | 3 |  3.5
Poison Magic   | 1 |  1.0
Fighting       | |  1.0
Dodging        | |  1.5
Unarmed Combat | |  3.0

Action                   |  1- 3 |  4- 6 || total
-------------------------+-------+-------++-------
Melee: Unarmed           |     7 |    27 ||    34
       Club              |    37 |       ||    37
       Dagger            |    62 |    23 ||    85
 Cast: Beastly Appendage |     1 |       ||     1
       Spider Form       |       |     1 ||     1
       Wereblood         |       |     1 ||     1
 Abil: Spit Poison       |    34 |     9 ||    43
Armor: Robe              |    21 |     5 ||    26
Dodge: Dodged            |    66 |    25 ||    91

Table legend: (Time is in decaauts)
 A = Elapsed time spent in this place.
 B = Non-inter-level travel time spent in this place.
 C = Inter-level travel time spent in this place.
 D = Time resting spent in this place.
 E = Time spent auto-exploring this place.
 F = Levels seen in this place.
 G = Mean time per level.
                   A        B        C        D        E       F      G
               +--------+--------+--------+--------+--------+-----+--------+
         Total |   3532 |   3518 |     14 |    337 |   2781 |   3 | 1177.3 |
       Dungeon |   3532 |   3518 |     14 |    337 |   2781 |   3 | 1177.3 |
               +--------+--------+--------+--------+--------+-----+--------+

Top non-repeatable levels by time:
     D:1: 2357 daAuts
     D:2: 1079 daAuts
     D:3: 95 daAuts
